AoeStats
← EMPEROR98265292

Fortress

510155170Analyzed
4v4 RM · 2d ago on Sep 29, 2026· 60m 13s· 8 players
Game mode
Random Map
Map size
Huge
Population
200
Speed
Normal
Resources
Standard
Victory
Conquest
Starting age
Dark Age
Ending age
Imperial Age
RankedLock teamsTeams togetherTeam positionsShared explorationLock speedFull tech treeHidden civsTurbo modeCheats
Victory
Defeat
🇮🇳 Saxons · India
1551
+11
🇬🇧 Vietnamese · United Kingdom
1467
+14
🇺🇸 Varangians · United States
1422
+16
🇮🇳 Mongols · India
1404
+17
🇩🇪 Slavs · Germany
1465
-16
🇺🇸 Danes · United States
1436
-15
🇩🇪 Celts · Germany
1422
-14
🇩🇪 Turks · Germany
1397
-13
chrissi.pk
9:20 Feudal Age
9:56 Feudal Age
8:13 Loom
8:17 Loom
14:17 Castle Age
12:57 Horse Collar
13:10 Double-Bit Axe
17:27 Imperial Age
21:56 Padded Archer Armor
33:48 Wheelbarrow
35:40 Wheelbarrow
37:38 Bloodlines
38:10 Scale Barding Armor
38:10 Husbandry
38:40 Forging
40:01 Chain Barding Armor
40:37 Iron Casting
42:22 Plate Barding Armor
44:35 Heavy Plow
46:09 Blast Furnace
48:01 Hand Cart
50:26 Bow Saw
50:52 Caravan
59:15 Two-Man Saw
[SavBs] Der Habicht
5:17 Loom
7:02 Feudal Age
11:40 Castle Age
9:45 Double-Bit Axe
10:00 Horse Collar
10:49 Gold Mining
12:44 Bow Saw
20:30 Scale Barding Armor
22:47 Chain Barding Armor
24:41 Wheelbarrow
24:45 Forging
29:32 Imperial Age
28:29 Padded Archer Armor
28:43 Fletching
30:23 Hand Cart
29:36 Elite Skirmisher
30:12 Bodkin Arrow
30:33 Leather Archer Armor
30:45 Conscription
33:08 Chemistry
34:19 Ring Archer Armor
34:18 Onager
36:21 Iron Casting
37:54 Ballistics
38:44 Detinets
40:45 Hoardings
40:22 Scale Mail Armor
40:06 Pikeman
41:52 Blast Furnace
41:01 Halberdier
42:23 Squires
44:47 Chain Mail Armor
46:37 Plate Mail Armor
47:50 Plate Barding Armor
56:01 Bloodlines
55:53 Husbandry
55:15 Light Cavalry
56:27 Hussar
58:46 Town Watch
Ficki-T-E
7:34 Feudal Age
11:16 Castle Age
9:04 Double-Bit Axe
9:12 Horse Collar
14:22 Heavy Plow
14:42 Bow Saw
18:13 Gold Mining
20:10 Wheelbarrow
19:29 Loom
21:19 Gold Shaft Mining
25:46 Imperial Age
23:46 Hand Cart
25:19 Stone Mining
25:53 Ballistics
25:59 Heavy Scorpion
27:48 Chemistry
27:37 Pikeman
28:20 Scale Mail Armor
28:30 Forging
28:45 Siege Engineers
29:47 Guilds
35:43 Furor Celtica
42:42 Halberdier
43:38 Chain Mail Armor
44:44 Iron Casting
45:50 Plate Mail Armor
47:31 Onager
48:47 Coinage
49:53 Blast Furnace
54:32 Fletching
54:31 Arson
56:43 Siege Onager
LiquidSteel71
6:44 Feudal Age
10:17 Castle Age
9:01 Double-Bit Axe
8:59 Horse Collar
9:52 Gold Mining
11:49 Bow Saw
13:16 Heavy Plow
13:30 Loom
16:43 Loom
19:16 Wheelbarrow
19:30 Wheelbarrow
18:40 Town Watch
19:54 Gold Shaft Mining
19:09 Stone Mining
20:53 Hand Cart
25:40 Imperial Age
22:58 Pikeman
24:05 Scale Mail Armor
24:20 Squires
24:05 Arson
25:02 Chain Mail Armor
24:57 Forging
25:46 Halberdier
27:37 Plate Mail Armor
27:43 Iron Casting
26:58 Fletching
26:54 Onager
28:07 Town Patrol
30:40 Blast Furnace
31:50 Chemistry
30:43 Siege Onager
31:37 Siege Engineers
31:52 Ballistics
32:45 Capped Ram
34:02 Siege Ram
38:05 Caravan
38:58 Coinage
40:46 Heavy Scorpion
42:19 Bodkin Arrow
48:29 Murder Holes
48:45 Masonry
51:12 Banking
55:47 Bracer
60:14 Conscription
Frankie Fast Hands
7:28 Feudal Age
9:12 Double-Bit Axe
11:34 Castle Age
9:31 Horse Collar
13:02 Bow Saw
18:54 Gold Mining
20:06 Fletching
20:39 Padded Archer Armor
20:54 Bodkin Arrow
21:51 Leather Archer Armor
22:34 Ballistics
22:51 Wheelbarrow
26:28 Imperial Age
25:38 Scale Mail Armor
25:49 Forging
26:40 Chain Mail Armor
27:10 Squires
26:57 Elite Fire Lancer
28:17 Iron Casting
27:09 Capped Ram
28:23 Bracer
31:37 Plate Mail Armor
31:38 Ring Archer Armor
32:51 Hand Cart
32:07 Elite Rattan Archer
33:41 Paper Money
33:18 Loom
33:18 Town Watch
33:43 Scale Barding Armor
33:38 Pikeman
35:07 Hoardings
35:42 Chemistry
36:00 Bloodlines
35:52 Husbandry
37:06 Chain Barding Armor
37:00 Elite Battle Elephant
39:09 Plate Barding Armor
39:00 Caravan
41:33 Chatras
47:54 Town Patrol
48:20 Light Cavalry
57:55 Halberdier
Rionosis
8:03 Feudal Age
11:58 Castle Age
10:00 Horse Collar
10:38 Double-Bit Axe
11:24 Town Watch
12:51 Bow Saw
14:32 Heavy Plow
20:41 Wheelbarrow
23:39 Hand Cart
26:15 Imperial Age
23:33 Loom
23:56 Gold Mining
24:27 Stone Mining
24:51 Scale Barding Armor
25:16 Vendel Legacy
27:09 Stone Shaft Mining
26:56 Elite Jarl
28:18 Chain Barding Armor
28:10 Bloodlines
28:11 Husbandry
28:40 Conscription
29:37 Plate Barding Armor
29:13 Forging
29:05 Fletching
30:27 Light Cavalry
32:10 Chemistry
31:35 Bodkin Arrow
32:04 Ballistics
32:59 Iron Casting
33:24 Siege Engineers
34:04 Masonry
34:02 Guard Tower
35:35 Bracer
36:36 Blast Furnace
36:14 Architecture
37:03 Hussar
38:47 Cavalier
40:21 Cavalier
42:45 Blast Furnace
41:46 Bracer
42:26 Murder Holes
42:12 Treadmill Crane
44:57 Crop Rotation
45:09 Fortified Wall
45:38 Scale Mail Armor
47:14 Two-Man Saw
48:11 Town Patrol
48:00 Gothikon
51:18 Caravan
53:03 Guilds
53:25 Coinage
EMPEROR98265292
8:20 Feudal Age
9:37 Double-Bit Axe
12:25 Castle Age
13:28 Fletching
14:06 Bodkin Arrow
17:36 Horse Collar
19:38 Padded Archer Armor
20:43 Leather Archer Armor
21:20 Bloodlines
24:46 Ballistics
27:08 Thumb Ring
28:27 Loom
29:17 Wheelbarrow
35:53 Imperial Age
34:19 Bow Saw
36:03 Caravan
36:11 Cranequins
37:16 Bracer
38:26 Chemistry
38:17 Scale Mail Armor
38:27 Forging
38:48 Ring Archer Armor
39:25 Squires
38:46 Elite Varangian Guard
39:12 Arson
40:02 Chain Mail Armor
39:57 Gambesons
40:48 Iron Casting
40:44 Shield Wall
41:46 Conscription
42:15 Hand Cart
42:45 Plate Mail Armor
Sanskari Ladka
6:14 Feudal Age
10:24 Castle Age
8:38 Double-Bit Axe
8:37 Horse Collar
12:17 Bow Saw
19:19 Wheelbarrow
20:26 Loom
21:08 Hand Cart
21:34 Heavy Plow
24:55 Imperial Age
23:00 Fletching
23:10 Padded Archer Armor
24:08 Bodkin Arrow
24:25 Bloodlines
24:15 Husbandry
24:23 Thumb Ring
24:53 Stone Mining
24:54 Gold Mining
26:13 Bracer
26:28 Leather Archer Armor
27:15 Chemistry
26:30 Elite Mangudai
28:31 Conscription
29:58 Parthian Tactics
33:29 Drill
34:48 Onager
36:11 Siege Onager
39:35 Siege Engineers
43:17 Caravan
44:25 Masonry
44:36 Ballistics
57:25 Fortified Wall
57:11 Murder Holes
Connection lost

Rejoining the realm…

Still unreachable

The connection could not be restored.

Session expired

The server has moved on; the page needs a fresh start.